 Dungeon Crawl Stone Soup version 0.20.1-1-g8b1a95d66d (webtiles) character file.

339 Jynx the Changer (level 6, -4/44 HPs)
             Began as a Merfolk Transmuter on Dec 30, 2017.
             Killed from afar by an orc wizard (10 damage)
             ... with a magic dart
             ... on level 3 of the Dungeon.
             The game lasted 00:07:06 (4750 turns).

Jynx the Changer (Merfolk Transmuter)               Turns: 4750, Time: 00:07:06

Health: -4/44      AC:  3    Str: 10    XL:     6   Next: 55%
Magic:  11/11      EV: 13    Int: 13    God:
Gold:   131        SH:  0    Dex: 16    Spells: 1/11 levels left

rFire    . . .     SeeInvis .     - Unarmed
rCold    . . .     Gourm    .   (no shield)
rNeg     . . .     Faith    .   b - +0 robe
rPois    .         Spirit   .   (no helmet)
rElec    .         Reflect  .   (no cloak)
rCorr    .         Harm     .   (no gloves)
MR       .....                  g - +0 pair of boots
Stlth    +.........             (no amulet)
Regen    0.2/turn               (no ring)
MPRegen  0.2/turn               (no ring)

@: confused
A: change form in water, swift swim, stealthy swim
a: no special abilities


You were on level 3 of the Dungeon.
You were not hungry.

You visited 1 branch of the dungeon, and saw 3 of its levels.

You collected 131 gold pieces.

Inventory:

Missiles
 a - 21 arrows
Armour
 b - a +0 robe (worn)
 g - a +0 pair of boots (worn)
Scrolls
 e - a scroll of remove curse
 f - a scroll of teleportation
Potions
 i - a potion of mutation {unknown}
 l - 3 potions of brilliance
 p - a potion of ambrosia {unknown}
Books
 c - a book of Changes

   Spells                             Type                      Level
   a - Beastly Appendage              Transmutation                1
   b - Sticks to Snakes               Transmutation                2
   c - Spider Form                    Transmutation/Poison         3
   d - Ice Form                       Ice/Transmutation            4
   e - Blade Hands                    Transmutation                5
Comestibles
 d - 4 bread rations
 h - a royal jelly
 j - 4 meat rations
 m - 2 fruits


   Skills:
 - Level 2.2 Fighting
 - Level 2.6 Dodging
 - Level 4.0 Unarmed Combat
 + Level 3.3 Spellcasting
 * Level 6.0 Transmutations
 + Level 1.3 Ice Magic
 + Level 1.8 Poison Magic


You had one spell level left.
You knew the following spells:

 Your Spells              Type           Power        Failure   Level  Hunger
a - Beastly Appendage     Tmut           ###...       1%          1    #......
b - Sticks to Snakes      Tmut           ###.....     2%          2    ##.....
c - Spider Form           Tmut/Pois      ##........   13%         3    ###....
d - Ice Form              Ice/Tmut       ##......     43%         4    #####..


Dungeon Overview and Level Annotations

Branches:
Dungeon (3/15)

Altars:
Fedhas

Annotations:
D:3 1 runed door


Message History

Something hits you. The orc priest hits you with a flail!
You closely miss the orc priest. Your headbutt misses the orc priest.
The orc priest is heavily wounded.
Your horns disappear.
Something hits you.
You hit the orc priest.
The orc priest is severely wounded.
The orc priest invokes the aid of Beogh against you.
Pain shoots through your body!
* * * LOW HITPOINT WARNING * * *
You hear some strange, mumbled words.
You are confused.
You hit the orc priest.
The orc priest is almost dead.
The orc priest hits you with a flail.
* * * LOW HITPOINT WARNING * * *
You hear some strange, mumbled words.
A magic dart appears from out of thin air!
The magic dart hits you!
You die...

.....<...)...##♣♣ #.
##########[..# ## #...# #
##..#### # #..#>.# #
#..#..########## ######
######..............# #...##
#............######.# #.#...
#.####..##[@o..# #.# #...##
#.# #..##.{)..####.####.###
######.##
#..##.........[........
........#
#..##.....###..........
######..#
#..##.....###...###.###
#..###..#.......########.###
#..#.......................#
#..#.##.#.......########.#.#
#..#.##.##.....## #....


You could see an orc priest.

Vanquished Creatures
  Grinder (D:3)
  4 gnolls (D:1)
  7 adders
  An ooze (D:3)
  2 dart slugs
  A leopard gecko (D:2)
  5 orcs (D:3)
  6 giant cockroaches
  6 goblins
  10 hobgoblins
  7 kobolds
  4 quokkas
  A ball python (D:1)
  8 bats
  2 frilled lizards
  5 rats
70 creatures vanquished.

Vanquished Creatures (collateral kills)
  An adder (D:2)
  A bat (D:3)
2 creatures vanquished.

Vanquished Creatures (others)
  A ball python (D:1)
1 creature vanquished.

Grand Total: 73 creatures vanquished

Notes
Turn   | Place    | Note
-------+----------+-------------------------------------------
     0 | D:1      | Jynx the Merfolk Transmuter began the quest for the Orb.
     0 | D:1      | Reached XP level 1. HP: 15/15 MP: 3/3
   267 | D:1      | Reached skill level 3 in Transmutations
   327 | D:1      | Reached XP level 2. HP: 20/21 MP: 3/5
  1155 | D:1      | Learned a level 2 spell: Sticks to Snakes
  1288 | D:2      | Reached XP level 3. HP: 8/26 MP: 2/6
  1677 | D:1      | Reached skill level 4 in Transmutations
  1677 | D:1      | Reached XP level 4. HP: 7/33 MP: 7/7
  2782 | D:2      | Found a blossoming altar of Fedhas.
  3014 | D:2      | Reached XP level 5. HP: 36/38 MP: 7/9
  3019 | D:2      | Learned a level 3 spell: Spider Form
  3516 | D:3      | Found a runed door.
  3585 | D:3      | Reached skill level 5 in Transmutations
  3822 | D:3      | Noticed Grinder
  4060 | D:3      | Reached skill level 1 in Poison Magic
  4316 | D:3      | Learned a level 4 spell: Ice Form
  4390 | D:3      | Killed Grinder
  4390 | D:3      | Reached skill level 6 in Transmutations
  4390 | D:3      | Reached skill level 1 in Ice Magic
  4390 | D:3      | Reached XP level 6. HP: 4/44 MP: 4/11
  4750 | D:3      | Killed from afar by an orc wizard

Skill      XL: |  1  2  3  4  5 |
---------------+----------------+-----
Transmutations | 3 4 6 |  6.0
Fighting       | 2 |  2.2
Unarmed Combat | 4 |  4.0
Spellcasting   | 3 |  3.3
Poison Magic   | 1 |  1.8
Ice Magic      | 1 |  1.3
Dodging        | |  2.6

Action                   |  1- 3 |  4- 6 || total
-------------------------+-------+-------++-------
Melee: Unarmed           |    77 |   177 ||   254
       Headbutt          |    10 |    24 ||    34
       Punch             |     1 |     3 ||     4
 Cast: Beastly Appendage |    19 |    31 ||    50
       Sticks to Snakes  |     1 |    10 ||    11
  Use: Potion            |     1 |       ||     1
       Scroll            |       |     4 ||     4
 Stab: Distracted        |       |     1 ||     1
       Sleeping          |       |     1 ||     1
  Eat: Chunk             |     3 |    11 ||    14
Armor: Robe              |    19 |    29 ||    48
       Skin              |     7 |     7 ||    14
Dodge: Dodged            |    78 |   109 ||   187
